 Dungeon Crawl Stone Soup version 0.30-a0-331-g8ab09dc110 (webtiles) character file.

Game seed: 7544550937415745303

4449 Pooter the Cleaver (level 10, -18/90 HPs)
             Began as a Minotaur Berserker on Oct 29, 2022.
             Was a Priest of Trog.
             Demolished by an orc warrior
             ... wielding the +10 spear "Batyxis" {holy, Fragile Fly Will++ Dex+3}
              (22 damage)
             ... in a bailey.
             The game lasted 00:36:54 (6363 turns).

Pooter the Cleaver (Minotaur Berserker)             Turns: 6363, Time: 00:36:55

Health: -18/90     AC:  9    Str: 31    XL:     10   Next: 15%
Magic:  9/9        EV: 11    Int:  4    God:    Trog [***...]
Gold:   133        SH:  0    Dex: 10    Spells: 9/9 levels left

rFire   . . .      SeeInvis +    a - +5 battleaxe
rCold   + + .      Faith    .    (shield currently unavailable)
rNeg    . . .      Spirit   .    w - +1 ring mail of the Sun {Str+5 Stlth-}
rPois   .          Reflect  .    N - +0 hat
rElec   .          Harm     .    (no cloak)
rCorr   .          Rampage  .    h - +2 pair of gloves "Buylaena" {rC++}
Will    ++...                    (no boots)
Stlth   ..........               (no amulet)
HPRegen 1.35/turn                S - ring of see invisible
MPRegen 0.11/turn                (no ring)

@: strong-willed, flying, regenerating
A: horns 2, retaliatory headbutt
a: Renounce Religion, Berserk, Trog's Hand


You were in a bailey.
You worshipped Trog.
Trog was most pleased with you.
You visited 1 branch of the dungeon, and saw 7 of its levels.
You also visited: Bailey.

You collected 273 gold pieces.
You spent 140 gold pieces at shops.

Inventory:

Hand Weapons
 a - a +5 battleaxe (weapon)
   (You took it off a wight on level 6 of the Dungeon)
 b - a +0 sling
   (You took it off a goblin on level 4 of the Dungeon)
 i - a +0 war axe
   (You took it off an orc on level 3 of the Dungeon)
 s - a +0 hand axe
 v - a +2 flail of holy wrath
   (You found it on level 3 of the Dungeon)
 A - a +0 trident
   (You took it off an orc on level 4 of the Dungeon)
 G - a +2 whip of flaming
   (You took it off Pikel on level 5 of the Dungeon)
 J - a +2 dire flail of protection
   (You took it off Edmund on level 6 of the Dungeon)
 L - a -1 eveningstar
   (You bought it in a shop on level 6 of the Dungeon)
Missiles
 q - 8 boomerangs (quivered)
 z - 6 poisoned darts
 Q - 80 stones
Armour
 h - the +2 pair of gloves "Buylaena" (worn) {rC++}
   (You acquired it in a bailey)

   rC:        It greatly protects you from cold.
 o - a +0 kite shield
   (You found it on level 2 of the Dungeon)
 w - the +1 ring mail of the Sun (worn) {Str+5 Stlth-}
   (You found it on level 3 of the Dungeon)

   Str:       It affects your strength (+5).
   Stlth:     It makes you less stealthy.
 E - a +0 plate armour
   (You found it on level 4 of the Dungeon)
 N - a +0 hat (worn)
   (You found it on level 6 of the Dungeon)
Jewellery
 S - a ring of see invisible (left hand)
   (You found it on level 3 of the Dungeon)
Wands
 x - a wand of charming (2)
   (You found it on level 3 of the Dungeon)
 D - a wand of digging (7)
   (You found it on level 3 of the Dungeon)
Scrolls
 e - 2 scrolls of magic mapping
 f - a scroll of summoning {unknown}
 g - a scroll of butterflies {unknown}
 l - a scroll of silence
 n - 3 scrolls of poison {!r}
 t - 3 scrolls of teleportation {@r4}
 u - a scroll of noise {!r}
 y - a scroll of immolation {!r}
 C - a scroll of vulnerability {unknown}
Potions
 c - a potion of brilliance {unknown}
 d - 5 potions of curing {@q1}
 j - a potion of attraction {unknown}
 m - a potion of lignification {unknown}
 p - a potion of berserk rage {unknown}
 r - a potion of flight
 B - 2 potions of degeneration {unknown}
 F - a potion of might {unknown}
 H - 3 potions of heal wounds {@q2}
 I - a potion of mutation {unknown}
 K - a potion of resistance {unknown}
 M - a potion of haste {unknown}


   Skills:
 + Level 8.6 Fighting
 * Level 11.5(11.8) Axes
 - Level 3.5(8.2) Maces & Flails
 + Level 5.7 Ranged Weapons
 - Level 2.4 Armour
 - Level 2.1 Dodging
 - Level 5.8 Shields
 + Level 4.6 Evocations


You had 9 spell levels left.
You didn't know any spells.
Your spell library was empty.

Dungeon Overview and Level Annotations

Branches:
Dungeon (7/15)             Temple (0/1) D:7          Bailey (1/1)

Altars:
Makhleb
Okawaru
Wu Jian

Shops:
D:3 (   D:5 [   D:6 *:


Innate Abilities, Weirdness & Mutations

You have a pair of horns on your head.
You reflexively headbutt those who attack you in melee.


Message History

Your ice devil disappears in a puff of smoke!
The orc sorcerer is no longer charmed.
Your headbutt misses the orc sorcerer.
The orc sorcerer gestures at you while chanting.
The bolt of negative energy hits you!!
You feel drained.
* * * LOW HITPOINT WARNING * * *
You closely miss the orc sorcerer.
Your skin stops crawling.
You feel less strong-willed.
The orc sorcerer hits you with a +0 war axe!
* * * LOW HITPOINT WARNING * * *
You slash the orc sorcerer!
You kill the orc sorcerer!
Trog accepts your kill.
Trog appreciates your killing of a magic user.
Your life force feels restored.
You start resting.
You feel a strong urge to attack something.
You start resting.
You feel your anger nearly subside.
You start resting.
You are no longer berserk.
You are exhausted.
You feel yourself slow down.
You start resting.
An orc warrior comes into view.
It is wielding the +10 spear "Batyxis" {holy, Fragile Fly Will++ Dex+3}.
Okay, then.
You feel yourself speed up.
The orc warrior shouts!
You feel very buoyant.
You fly up into the air.
There is a gate leading back out of this place here.
Found a viscous clear potion.
Found a potion of experience.
Your skin crawls.
You feel strong-willed.
The orc warrior hits you from afar with the +10 spear "Batyxis" {holy, Fragile Fly Will++ Dex+3}!
* * * LOW HITPOINT WARNING * * *
Aim: an orc warrior, wielding the +10 spear "Batyxis" {holy, Fragile Fly Will++ Dex+3} and wearing a +0 ring mail (water, chance to affect: 5%)
Okay, then.
As you read the scroll of fear, it crumbles to dust.
You assume a fearsome visage.
The orc warrior resists with some effort.
You recover from your berserk rage.
The orc warrior hits you from afar with the +10 spear "Batyxis" {holy, Fragile Fly Will++ Dex+3}!
* * * LOW HITPOINT WARNING * * *
As you read the scroll of fear, it crumbles to dust.
You assume a fearsome visage.
The orc warrior resists with some effort.
The orc warrior hits you from afar with the +10 spear "Batyxis" {holy, Fragile Fly Will++ Dex+3}!!
You die...

###################
≈≈≈≈≈≈≈≈≈≈≈≈≈≈≈≈≈≈≈
≈≈≈≈≈≈≈≈≈≈≈@≈≈≈≈≈≈≈
≈≈≈≈≈≈≈≈≈≈≈≈≈≈≈≈≈≈≈
≈≈≈≈≈≈≈≈≈≈o≈≈≈≈≈≈≈
≈≈≈≈≈≈≈≈≈≈≈≈≈≈≈≈≈ ≈≈≈
######~~~~~~~~~~~## ≈≈≈≈
#.'........∩.......
≈≈≈≈≈###..######.######.
≈≈≈≈≈#....#[[.#...#.!.#
≈≈≈≈≈#..).#[[.#...#.!.#


You could see an orc warrior.

Vanquished Creatures
  Pikel (D:5)
  An orc sorcerer (Bailey)
  Maggie (D:6)
  Edmund (D:6)
  Duvessa (D:5)
  8 orc warriors (Bailey)
  2 ogres
  Blork the orc (D:6)
  A gnoll sergeant (D:6)
  A necrophage (D:4)
  5 scorpions
  5 wights (D:6)
  4 electric eels (Bailey)
  A howler monkey (D:6)
  A gnoll bouda (D:6)
  An orc priest (D:4)
  4 hounds
  3 iguanas
  9 gnolls
  9 adders
  2 ufetubi
  A worm (D:5)
  4 dart slugs
  11 orcs
  5 ball pythons
  9 bats
  5 endoplasms
  2 giant cockroaches
  17 goblins
  18 hobgoblins
  6 kobolds
  13 quokkas
  A frilled lizard (D:3)
  5 rats
159 creatures vanquished.

Vanquished Creatures (collateral kills)
  An orc high priest (Bailey)
  A black bear (D:6)
  Dowan (D:5)
  An adder (D:6)
  2 gnolls (D:6)
6 creatures vanquished.

Vanquished Creatures (others)
  A gnoll (D:6)
  16 plants (D:4)
17 creatures vanquished.

Grand Total: 182 creatures vanquished

Notes
Turn   | Place    | Note
-------+----------+-------------------------------------------
     0 | D:1      | Pooter the Minotaur Berserker began the quest for the Orb.
     0 | D:1      | Reached XP level 1. HP: 19/19 MP: 0/0
    65 | D:1      | Found a faded altar of an unknown god.
   320 | D:1      | Reached skill level 4 in Axes
   365 | D:1      | Reached XP level 2. HP: 23/27 MP: 1/1
   909 | D:2      | Reached XP level 3. HP: 29/33 MP: 2/2
  1318 | D:2      | Reached ** piety under Trog
  1335 | D:2      | Reached skill level 5 in Axes
  1758 | D:3      | Found Qaogets's Antique Weapon Shop.
  1799 | D:3      | Reached skill level 1 in Shields
  1829 | D:3      | Reached XP level 4. HP: 41/41 MP: 3/3
  2153 | D:3      | Identified the +1 ring mail of the Sun {Str+5 Stlth-}
  2520 | D:4      | Found an iron altar of Okawaru.
  2531 | D:4      | Reached XP level 5. HP: 31/47 MP: 4/4
  2643 | D:4      | Reached skill level 5 in Fighting
  2643 | D:4      | Reached skill level 6 in Axes
  2680 | D:4      | Reached XP level 6. HP: 56/56 MP: 5/5
  2939 | D:4      | Reached skill level 7 in Axes
  3115 | D:5      | Entered Level 5 of the Dungeon
  3137 | D:5      | Found a burning altar of Makhleb.
  3297 | D:5      | Reached skill level 1 in Ranged Weapons
  3297 | D:5      | Reached XP level 7. HP: 49/62 MP: 6/6
  3371 | D:5      | Reached skill level 1 in Evocations
  3441 | D:5      | Noticed Pikel
  3446 | D:5      | Found Bilohang's Antique Armour Boutique.
  3454 | D:5      | Killed Pikel
  3455 | D:5      | Reached skill level 8 in Axes
  3455 | D:5      | Reached XP level 8. HP: 71/71 MP: 7/7
  3679 | D:5      | Noticed Duvessa
  3679 | D:5      | Noticed Dowan
  3687 | D:5      | Killed Dowan
  3697 | D:5      | Killed Duvessa
  3999 | D:5      | Reached skill level 5 in Shields
  4208 | D:6      | Found Cewi's Lightly-Used Armoury.
  4214 | D:6      | Reached *** piety under Trog
  4218 | D:6      | Reached skill level 9 in Axes
  4282 | D:6      | Bought a -1 eveningstar for 140 gold pieces
  4332 | D:6      | Noticed Edmund
  4332 | D:6      | Noticed Blork the orc
  4347 | D:6      | Reached skill level 1 in Maces & Flails
  4353 | D:6      | Killed Edmund
  4505 | D:6      | Reached XP level 9. HP: 61/78 MP: 8/8
  4514 | D:6      | Noticed Maggie
  4525 | D:6      | Killed Maggie
  4558 | D:6      | Killed Blork the orc
  4854 | D:6      | Found an ornate altar of the Wu Jian Council.
  4857 | D:6      | Reached skill level 10 in Axes
  4955 | D:6      | Found Koojo's Tremendous Tomes.
  5066 | D:7      | Found a flagged portal.
  5080 | Bailey   | Entered a bailey
  5584 | Bailey   | HP: 4/120 [electric eel/bolt of electricity (13)]
  5904 | Bailey   | Reached skill level 5 in Ranged Weapons
  6168 | Bailey   | Acquired the +2 pair of gloves "Buylaena" {rC++}
  6189 | Bailey   | Reached skill level 11 in Axes
  6300 | Bailey   | Noticed an orc sorcerer
  6300 | Bailey   | Noticed an orc high priest
  6301 | Bailey   | Found an iron altar of Okawaru.
  6304 | Bailey   | Noticed an ice devil
  6316 | Bailey   | Killed an orc high priest
  6317 | Bailey   | Reached XP level 10. HP: 31/90 MP: 9/9
  6319 | Bailey   | HP: 3/129 [orc sorcerer/+0 war axe (9)]
  6320 | Bailey   | Killed an orc sorcerer
  6349 | Bailey   | Identified the +10 spear "Batyxis" {holy, Fragile Fly
                  | Will++ Dex+3}
  6362 | Bailey   | HP: 3/90 [orc warrior/the +10 spear "Batyxis" {holy,
                  | Fragile Fly Will++ Dex+3} (8)]
  6363 | Bailey   | Demolished by an orc warrior

Illustrated notes

Levels and vault maps discovered:
D:1:      dpeg_arrival_court, layout_basic, chequers_ecumenical_altar_simple
D:2:      layout_loops_ring, amethyst_killhole
D:3:      layout_loops_cross, serial_shops, shop, minmay_joined_circles
D:4:      wad_woods_stonehenge, layout_rooms, minmay_ogre_servants
D:5:      layout_loops_ring, mainiacjoe_overflow_alcove_2, serial_shops, shop,
          nicolae_fountain_basement, uniq_pikel, uniq_duvessa
D:6:      layout_cave_pools, kennysheep_mini_moat, chequers_jeans,
          nicolae_shop_i_like_big_books, minmay_shop_damaged, uniq_maggie,
          uniq_blork_the_orc, uniq_edmund
D:7:      layout_cave_pools, minmay_temple_entry_glass, enter_bailey_4,
          uniq_joseph
Bailey:   bailey_axe_of_yendor_kennysheep, bailey

Skill      XL: |  1  2  3  4  5  6  7  8  9 |
---------------+----------------------------+-----
Axes           | 4 5 6 7 8 9 11 | 11.5
Fighting       | 4 5 6 7 8 |  8.6
Shields        | 1 2 3 4 5 |  5.8
Ranged Weapons | 1 2 3 5 |  5.7
Evocations     | 2 3 4 |  4.6
Maces & Flails | 2 3 |  3.5
Armour         | |  2.4
Dodging        | |  2.1

Action                   |  1- 3 |  4- 6 |  7- 9 | 10-12 || total
-------------------------+-------+-------+-------+-------++-------
Melee: Hand axe          |    91 |     7 |       |       ||    98
       Headbutt          |     9 |    21 |    18 |       ||    48
       Flail             |       |    21 |       |       ||    21
       War axe           |       |    58 |    43 |       ||   101
       Eveningstar       |       |       |    11 |       ||    11
       Battleaxe         |       |       |    77 |     3 ||    80
 Fire: Sling             |       |    11 |    10 |       ||    21
Throw: Boomerang         |       |     3 |    12 |       ||    15
       Dart              |       |       |     2 |       ||     2
Invok: Berserk           |     1 |     3 |     9 |       ||    13
       Trog's Hand       |       |     2 |     6 |     1 ||     9
Evoke: Wand              |       |       |     5 |       ||     5
  Use: Scroll            |     5 |     3 |     4 |     2 ||    14
       Potion            |     1 |       |     2 |     1 ||     4
 Stab: Betrayed ally     |       |       |       |     1 ||     1
Armor: Ring mail         |    34 |    27 |    24 |       ||    85
Dodge: Dodged            |    52 |    33 |    67 |       ||   152
Block: Kite shield       |    11 |    26 |    29 |       ||    66

Table legend: (Time is in decaauts)
 A = Elapsed time spent in this place.
 B = Non-inter-level travel time spent in this place.
 C = Inter-level travel time spent in this place.
 D = Time resting spent in this place.
 E = Time spent auto-exploring this place.
 F = Levels seen in this place.
 G = Mean time per level.
                   A        B        C        D        E       F      G
               +--------+--------+--------+--------+--------+-----+--------+
         Total |   6547 |   6287 |    260 |   1702 |   3255 |   8 |  818.4 |
       Dungeon |   5232 |   4972 |    260 |    649 |   3255 |   7 |  747.4 |
        Bailey |   1315 |   1315 |      0 |   1053 |      0 |   1 | 1315.0 |
               +--------+--------+--------+--------+--------+-----+--------+

Top non-repeatable levels by time:
  Bailey: 1315 daAuts
     D:5: 1190 daAuts
     D:2: 1029 daAuts
     D:6: 759 daAuts
     D:4: 741 daAuts
     D:3: 737 daAuts
     D:1: 736 daAuts
     D:7: 37 daAuts
